[Event "*** Titled Tuesday Blitz"]
[Site "Chess.com"]
[Date "2020.11.10"]
[Round "8"]
[White "ftorodent"]
[Black "wonderfultime"]
[Result "1-0"]
[WhiteElo "2709"]
[BlackElo "2921"]
[TimeControl "180+1"]
[EndTime "11:33:40 PST"]
[Termination "ftorodent won by resignation"]

1. d4 d5 2. c4 c6 3. cxd5 cxd5 4.
Bf4 Nf6 5. e3 a6 6. Nc3 Nc6 7. Bd3 Bg4 8. f3 Bh5 9. Nge2 e6 10. O-O Bd6 11. Rc1 O-O 12. Na4 Bg6 13. a3 Rc8 14. b4 Qe7 15. Bxd6 Qxd6 16. Nc5 Rc7 17. Nf4 e5 18. dxe5 Nxe5 19. Be2 Re8 20.
Qd2 Rce7 21. Rfd1 Rd8 22. Rc3 h6 23. Nb3 Qb6 24. Qd4 Qd6 25. Qc5 Qd7 26. Qb6 Qe8 27. Nd4 Bh7 28. Rdc1 Nc4 29. Bxc4 dxc4 30. Kf2 Bd3 31. Re1 Qd7 32. b5 axb5 33. Qxb5 Qd6 34. Qb4 Qd7 35. Qb5 Qd6 36. Nxd3 cxd3 37. Nf5 Ng4+ 38. fxg4 Qf6 39. Rxd3 Rxd3 40. Qxd3 g6 41. Qd8+ Kh7 42. Qxe7 1-0

[Event "*** Titled Tuesday Blitz"]
[Site "Chess.com"]
[Date "2020.11.10"]
[Round "8"]
[White "Evgeny81"]
[Black "albi1999"]
[Result "0-1"]
[WhiteElo "2707"]
[BlackElo "2570"]
[TimeControl "180+1"]
[EndTime "11:33:40 PST"]
[Termination "albi1999 won by checkmate"]

1. e4 e5 2. Nf3 Nc6 3. Bc4 Bc5 4. b4 Bxb4 5. c3 Be7 6. d4 Na5 7. Nxe5 Nxc4 8. Nxc4 d5 9. exd5 Qxd5 10. Ne3 Qd8 11. O-O Nf6 12. c4 O-O 13. Nc3 c6 14.
Bb2 Re8 15. Qd3 Ng4 16. Rfe1 Bd6 17. Nxg4 Bxg4 18. h3 Bh5 19. Ne4 Bg6 20. Qf3 Bf8 21. Rad1 Qa5 22. a3 Qa4 23. Rc1 Rad8 24. Re3 h6 25. g4 Bxe4 26. Rxe4 Rxe4 27. Qxe4 Qb3 28.
Rb1 Qxh3 29. Bc1 Bd6 30. Qg2 Qd3 31. Rxb7 Qd1+ 32. Qf1 Qxg4+ 33. Qg2 Qd1+ 34. Qf1 Qxd4 35. Be3 Qe4 36. Rxa7 Be5 37. Ra5 Qg4+ 38. Kh1 Qh5+ 39. Kg2 Qg4+ 40. Kh1 f6 41. f3 Qh4+ 42. Kg2 Qh2# 0-1

[Event "*** Titled Tuesday Blitz"]
[Site "Chess.com"]
[Date "2020.11.10"]
[Round "8"]
[White "GMTalks_Youtube"]
[Black "InitiatingASC"]
[Result "1-0"]
[WhiteElo "2638"]
[BlackElo "2417"]
[TimeControl "180+1"]
[EndTime "11:33:40 PST"]
[Termination "GMTalks_Youtube won on time"]

1. e4 c5 2. Nf3 Nc6 3. Bb5 Nf6 4. Bxc6 dxc6 5. d3 g6 6. h3 Bg7 7. a4 a5 8. Nbd2 O-O 9. Nc4 Nd7 10. O-O b5 11.
Ne3 Nb6 12. axb5 cxb5 13. Ng4 Bxg4 14. hxg4 a4 15. Qe2 Qc7 16. e5 Nd5 17. Re1 Ra6 18. Qe4 Nb4 19. Re2 Qc6 20. Qf4 Nd5 21. Qh2 f6 22. Bh6 Qd7 23. exf6 exf6 24. Bxg7 Kxg7 25. g5 fxg5 26. Nxg5 h6 27. Ne4 Rc6 28. Qe5+ Kh7 29. c4 Rf5 30. Qg3 Nf4 31. Re3 bxc4 32. dxc4 Re6 33.
Rae1 Qe7 34. Nc3 Rxe3 35. Rxe3 Qf7 36. Re4 g5 37. Qe3 Ng6 38. Nd5 Qg7 39. Qe2 Rf7 40. g3 Qf8 41. Re6 Qg7 42. Qe4 h5 43. Ne3 Rf6 44. Re5 g4 45. Rxh5+ Kg8 46. Nxg4 Rd6 47. Rg5 Qf7 48. Ne5 1-0

[Event "*** Titled Tuesday Blitz"]
[Site "Chess.com"]
[Date "2020.11.10"]
[Round "8"]
[White "VinzentSpitzl"]
[Black "MPGM"]
[Result "1-0"]
[WhiteElo "2341"]
[BlackElo "2464"]
[TimeControl "180+1"]
[EndTime "11:33:40 PST"]
[Termination "VinzentSpitzl won by resignation"]

1. e4 c6 2. Nf3 d5 3. Nc3 dxe4 4. Nxe4 Nf6 5. Qe2 Bg4 6. Nxf6+ gxf6 7. h3 Bh5 8. d3 Nd7 9. g4 Bg6 10. Bg2 Nb6 11.
Be3 e6 12. Nh4 f5 13. Nxg6 hxg6 14. a4 Nd5 15. c3 Bd6 16. Bxd5 cxd5 17. gxf5 gxf5 18.
Bd4 Rg8 19. Be5 Bxe5 20. Qxe5 Qb6 21. O-O-O O-O-O 22. Qe3 Qa6 23. Qc5+ Kb8 24. Qd4 Ka8 25. h4 Rg4 26. Qf6 Rc8 27. h5 Rxa4 28. h6 Ra1+ 29. Kd2 Ra2 30. Rb1 Qb6 31. Ke2 Rxb2+ 32. Rxb2 Qxb2+ 33. Kf3 Qd2 34. h7 Qxd3+ 35. Kg2 Qe4+ 36.
f3 Qc2+ 37. Kg3 f4+ 38. Qxf4 Qg6+ 39. Qg4 Qf6 40. Qg8 Qh8 41. Qxc8+ Qxc8 42. h8=Q Qb8+ 43. Kf2 a5 44. Ke3 Qxh8 45. Rxh8+ Ka7 46. Kd4 a4 47.
Kc5 a3 48. Kb4 a2 49. Rh1 1-0

[Event "*** Titled Tuesday Blitz"]
[Site "Chess.com"]
[Date "2020.11.10"]
[Round "8"]
[White "KononenkoD"]
[Black "SaqoChess_Twitch"]
[Result "1-0"]
[WhiteElo "2634"]
[BlackElo "2441"]
[TimeControl "180+1"]
[EndTime "11:33:41 PST"]
[Termination "KononenkoD won by checkmate"]

1. d4 d5 2. c4 e6 3. Nf3 Nf6 4. g3 Be7 5. Bg2 O-O 6. O-O dxc4 7. Qc2 a6 8. a4 Bd7 9. Qxc4 Bc6 10. Bf4 b5 11.
Qc1 Nd5 12. Nc3 Nxf4 13. Qxf4 b4 14. Ne4 Nd7 15. Rfc1 Bxe4 16. Qxe4 c5 17. dxc5 Nxc5 18. Qe3 Rc8 19. Rc4 a5 20. Ne5 Qd6 21. Rac1 Rfd8 22. h4 f6 23. Nf3 e5 24. Bh3 Rc7 25. Ne1 Na6 26. Nd3 Rxc4 27. Rxc4 g6 28. Bg2 Kg7 29.
Rc6 Qd4 30. Qxd4 Rxd4 31. Rxa6 e4 32. Nf4 Rd2 33. Rxa5 Rxb2 34. Bxe4 f5 35. Bd3 Ra2 36. Ra7 Kf8 37. Ne6+ Kf7 38. Ng5+ Ke8 39. Bb5+ Kf8 40. Nxh7+ Kf7 41. Ng5+ Kf8 42. Ne6+ Kf7 43. Bc4 Ra1+ 44. Kg2 Kf6 45. Nf4 Rc1 46. Nd5+ Ke5 47. Rxe7+ Kd4 48.
Ne3 Ra1 49. Rd7+ Kc5 50. Rd5+ Kc6 51. a5 Rc1 52. a6 Ra1 53. Rd8 Kc5 54. Rc8+ Kb6 55. f3 Ra3 56. Kf2 Rc3 57. Rb8+ Ka7 58. Rb7+ Ka8 59. Bd5 g5 60. a7 f4 61. Rd7+ Rc6 62. Bxc6# 1-0

[Event "*** Titled Tuesday Blitz"]
[Site "Chess.com"]
[Date "2020.11.10"]
[Round "8"]
[White "pastouche06"]
[Black "Fortitudine"]
[Result "1-0"]
[WhiteElo "2527"]
[BlackElo "2305"]
[TimeControl "180+1"]
[EndTime "11:33:41 PST"]
[Termination "pastouche06 won by checkmate"]

1. d4 Nf6 2. c4 c5 3. d5 b5 4.
cxb5 a6 5. bxa6 g6 6. Nc3 Bg7 7.
e4 O-O 8. e5 Ne8 9. h4 d6 10.
e6 fxe6 11. h5 e5 12. hxg6 hxg6 13. Bd3 Bf5 14. g4 Bxd3 15. Qxd3 Nf6 16. Qxg6 Qe8 17. Qf5 Nbd7 18. g5 Nh5 19. Qe6+ Kh7 20. Qg4 Qg6 21. Qxh5+ Qxh5 22. Rxh5+ Kg6 23. Rh1 Rxa6 24. Nge2 Nb6 25. b3 c4 26. Bb2 Rc8 27. b4 Na4 28. Nxa4 Rxa4 29. a3 Kxg5 30. Rg1+ Kf6 31. Nc3 Raa8 32. Ne4+ Kf7 33. Bc3 Bf6 34. Nxf6 exf6 35. Ke2 Rcb8 36. a4 f5 37. a5 Rb5 38. Rh1 Rxd5 39. a6 Rd3 40.
Rhc1 Ke6 41. b5 Kd5 42. b6 Kc6 43. b7 Rb8 44. a7 Kxb7 45. Rcb1+ Kc6 46. axb8=Q Rxc3 47. Qb7+ Kc5 48. Rb5+ Kd4 49. Qd5# 1-0

[Event "*** Titled Tuesday Blitz"]
[Site "Chess.com"]
[Date "2020.11.10"]
[Round "8"]
[White "atalz0"]
[Black "Paladin61"]
[Result "1-0"]
[WhiteElo "2413"]
[BlackElo "2526"]
[TimeControl "180+1"]
[EndTime "11:33:41 PST"]
[Termination "atalz0 won on time"]

1. d4 Nf6 2. c4 g6 3. f3 Bg7 4. e4 d6 5. Nc3 O-O 6. Be3 c5 7. dxc5 dxc5 8. Qxd8 Rxd8 9. Bxc5 Nc6 10.
Nge2 Nd7 11. Be3 Nde5 12. Nf4 e6 13. Rc1 b6 14. h4 Ba6 15. b3 Nb4 16. Be2 Ned3+ 17.
Nxd3 Nxd3+ 18. Bxd3 Rxd3 19. Nd1 Rad8 20. Ke2 f5 21.
Nf2 R3d7 22. Rhd1 Kf7 23. Bg5 Rxd1 24. Rxd1 Rxd1 25. Kxd1 Bd4 26. Ke2 Bxf2 27. Kxf2 fxe4 28. fxe4 Bb7 29. Ke3 Ke8 30. Kd4 a6 31. Ke5 Kd7 32. Be3 h5 33. Bxb6 Bc6 34. g3 Bb7 35. b4 Bc6 36.
Be3 Ba4 37. Kf6 Bd1 38. Kxg6 Bf3 39. e5 Bd1 40. b5 axb5 41. cxb5 Kc7 42. Kf6 Kd7 43.
b6 Bf3 44. a4 Bb7 45. a5 Ba6 46. Kg6 Be2 47. a6 Bxa6 48. Kxh5 Kc6 49. Kg6 Kd5 50. Kf6 Ke4 51. Bc1 Kd5 52. h5 1-0

[Event "*** Titled Tuesday Blitz"]
[Site "Chess.com"]
[Date "2020.11.10"]
[Round "8"]
[White "vladgoncharov"]
[Black "Morshynska"]
[Result "1-0"]
[WhiteElo "2473"]
[BlackElo "2251"]
[TimeControl "180+1"]
[EndTime "11:33:42 PST"]
[Termination "vladgoncharov won on time"]

1. d4 d5 2. c4 c6 3. Nf3 Nf6 4.
e3 e6 5. Bd3 Nbd7 6. Nbd2 c5 7.
cxd5 exd5 8. O-O Bd6 9. b3 O-O 10. Bb2 Re8 11. Bf5 Ne4 12. Rc1 cxd4 13. Nxd4 Ndc5 14.
N2f3 Ne6 15. g3 Nxd4 16. Qxd4 Bf8 17. Bxc8 Rxc8 18. Rxc8 Qxc8 19. Qxa7 Qc2 20. Bd4 Qc6 21.
Ne5 Qe6 22. Qxb7 Bd6 23. Nf3 Qg4 24. Kg2 Qf5 25. h3 g5 26. g4 Qe6 27. Rc1 h5 28.
Nh2 Bxh2 29. Kxh2 hxg4 30. Qc6 Qxc6 31. Rxc6 gxh3 32. Kxh3 Nxf2+ 33. Kg3 Ne4+ 34. Kg4 Kh7 35. b4 Rf8 36. Kf5 Ra8 37. b5 Rxa2 38. b6 Rf2+ 39. Ke5 1-0

[Event "*** Titled Tuesday Blitz"]
[Site "Chess.com"]
[Date "2020.11.10"]
[Round "8"]
[White "Matibar"]
[Black "Sibelephant"]
[Result "0-1"]
[WhiteElo "2781"]
[BlackElo "3081"]
[TimeControl "180+1"]
[EndTime "11:33:43 PST"]
[Termination "Sibelephant won by resignation"]

1. e4 c5 2. Ne2 Nf6 3. Nbc3 d5 4. exd5 Nxd5 5. g3 Nxc3 6. bxc3 Bd7 7. Bg2 Bc6 8. f3 e6 9. d3 Nd7 10. Be3 Be7 11.
O-O O-O 12. Qd2 b5 13. a4 a6 14. axb5 axb5 15. Rxa8 Qxa8 16. Nc1 c4 17. Ne2 cxd3 18. cxd3 e5 19. d4 Rd8 20. Bg5 f6 21. Be3 Nb6 22. Qc2 Nc4 23. Bc1 Ba3 24. dxe5 fxe5 25. Bg5 Bc5+ 26. Kh1 Rd6 27. g4 h6 28. Bc1 Be3 29. Ng3 Bf4 30. Nf5 Rd7 31. Bxf4 exf4 32. Qe2 Kh8 33. Re1 Qd8 34. Qe6 Rd1 35. h4 Ne3 36. Qxc6 Rxe1+ 37. Kh2 Nxf5 38. gxf5 Qxh4+ 0-1

[Event "*** Titled Tuesday Blitz"]
[Site "Chess.com"]
[Date "2020.11.10"]
[Round "8"]
[White "SergeyShtyka"]
[Black "Nils_03"]
[Result "0-1"]
[WhiteElo "2352"]
[BlackElo "2260"]
[TimeControl "180+1"]
[EndTime "11:33:43 PST"]
[Termination "Nils_03 won on time"]

1. e4 e5 2. Nf3 Nc6 3. Nc3 Nf6 4. Bb5 d6 5. d4 exd4 6. Qxd4 Bd7 7. Bxc6 Bxc6 8.
Bg5 Be7 9. O-O-O h6 10. Bh4 O-O 11. Rhe1 b5 12. e5 dxe5 13. Nxe5 Qxd4 14. Rxd4 Bxg2 15. Nxb5 c6 16. Nc3 Rfe8 17. f3 Nd5 18. Nxc6 Bxh4 19. Rxe8+ Rxe8 20. Nxd5 Bg5+ 21. f4 Bxd5 22. Rxd5 Bxf4+ 23.
Kd1 Bxh2 24. Nxa7 Ra8 25. Nc6 Rxa2 26. b4 g5 27. b5 g4 28. Rd4 h5 29. b6 Ra6 30.
Ne7+ Kf8 31. Nd5 g3 32. Ne3 Rxb6 33. Ng2 Rf6 34. c4 Rf2 35. Rd2 Bg1 36. c5 Rxd2+ 37.
Kxd2 Bxc5 38. Ke2 Kg7 39. Kf3 Bd6 40. Ke4 Kg6 41. Kf3 Kg5 42. Ke2 h4 43. Kf1 h3 44.
Ne3 g2+ 0-1

[Event "*** Titled Tuesday Blitz"]
[Site "Chess.com"]
[Date "2020.11.10"]
[Round "8"]
[White "GOGIEFF"]
[Black "Infernal_XaM"]
[Result "1-0"]
[WhiteElo "2900"]
[BlackElo "2823"]
[TimeControl "180+1"]
[EndTime "11:33:45 PST"]
[Termination "GOGIEFF won on time"]

1. d4 Nf6 2. c4 g6 3. Nc3 d5 4.
cxd5 Nxd5 5. e4 Nxc3 6. bxc3 Bg7 7. Bc4 O-O 8. Ne2 Nc6 9. O-O Na5 10. Bd3 c5 11. Be3 b6 12. Rc1 e5 13. dxc5 Be6 14.
c4 Rc8 15. Qc2 bxc5 16. Rfd1 Qd6 17. Nc3 Nc6 18. Nd5 Nd4 19. Qa4 f5 20. Rb1 Rf7 21. Bxd4 exd4 22. exf5 gxf5 23. Re1 Kh8 24. Re2 Be5 25. h3 Bxd5 26. cxd5 Rg8 27. Qc6 Rfg7 28.
f3 Bf4 29. Qxd6 Bxd6 30. Rbb2 Rc7 31. Rbc2 Rf8 32. Re6 Rd7 33. Kf1 Kg7 34. a4 Rf6 35. Re8 Re7 36. Rxe7+ Bxe7 37. a5 Bd6 38. Rb2 Rf7 39.
a6 Kf6 40. Bc4 Ke5 41. Re2+ Kf4 42. Kf2 Kg5 43. g3 Rd7 44. h4+ Kf6 45. Re6+ Kf7 46.
Bd3 f4 47. g4 Be7 48. Rc6 Kf8 49. g5 Rxd5 50. Rc7 h6 51. gxh6 Bxh4+ 52. Ke2 Re5+ 53. Kd1 1-0

[Event "*** Titled Tuesday Blitz"]
[Site "Chess.com"]
[Date "2020.11.10"]
[Round "8"]
[White "Rud_Makarian"]
[Black "Gusarov91"]
[Result "0-1"]
[WhiteElo "2806"]
[BlackElo "2650"]
[TimeControl "180+1"]
[EndTime "11:33:45 PST"]
[Termination "Gusarov91 won by resignation"]

1. d4 Nf6 2. c4 e6 3. Nf3 b6 4.
g3 Bb7 5. Bg2 Bb4+ 6. Bd2 Be7 7.
O-O O-O 8. Nc3 d5 9. cxd5 Nxd5 10. Re1 Nd7 11. e4 Nxc3 12. Bxc3 Nf6 13. Qc2 c5 14.
Rad1 cxd4 15. Nxd4 Qc8 16. Nb5 Rd8 17. Rxd8+ Qxd8 18. Bxf6 gxf6 19. Nc3 Rc8 20. e5 Bxg2 21. Kxg2 f5 22. Qe2 Bb4 23. Rd1 Qc7 24. Nb5 Qc6+ 25. Kh3 Qc4 26. Qxc4 Rxc4 27. a3 Bc5 28. Rd2 a6 29.
Nc7 Bxf2 30. Rd8+ Kg7 31. Ne8+ Kh6 32. Nd6 Rc7 33. Rg8 Bd4 34. Ne8 Rc8 35. g4 fxg4+ 36. Kxg4 Bxe5 37. h4 f5+ 38. Kf3 Bxb2 39. Kf4 Rc4+ 40.
Kg3 Rg4+ 41. Rxg4 fxg4 42. a4 Kh5 43. Kg2 Be5 44. Kg1 b5 45. Kg2 bxa4 46. Kf2 a3 47.
Ke3 a2 48. Ke4 0-1

[Event "*** Titled Tuesday Blitz"]
[Site "Chess.com"]
[Date "2020.11.10"]
[Round "8"]
[White "lucachess49"]
[Black "PIwan"]
[Result "0-1"]
[WhiteElo "2356"]
[BlackElo "2534"]
[TimeControl "180+1"]
[EndTime "11:33:46 PST"]
[Termination "PIwan won by checkmate"]

1. d4 d5 2. c4 dxc4 3. e3 b5 4. a4 b4 5. Bxc4 e6 6. Nf3 Nf6 7. O-O Bb7 8. a5 a6 9. Bd2 Nbd7 10. Qa4 Rb8 11. Ne5 Bd6 12. Nc6 Bxh2+ 13. Kh1 Bxc6 14. Qxc6 Bd6 15. Bxa6 Nd5 16. g3 O-O 17. e4 Ne7 18. Qc2 e5 19. d5 Nc5 20. Bd3 Qd7 21.
Kg2 f5 22. exf5 b3 23. Qc4 Nxf5 24. Bxf5 Qxf5 25. Be3 Qf3+ 26. Kg1 Ne4 27. Nd2 Nxd2 28. Bxd2 e4 29. Qc3 Qh5 30. Qd4 Rbe8 31. Bc3 Rf6 32. Qd1 Rf3 33. Qd4 Re7 34. Kg2 Qg4 35. Rg1 Bxg3 36.
fxg3 Rxg3+ 37. Kf1 Rf7+ 38. Ke1 Rxg1+ 39. Kd2 Rg2+ 40.
Ke3 Qf3# 0-1

[Event "*** Titled Tuesday Blitz"]
[Site "Chess.com"]
[Date "2020.11.10"]
[Round "8"]
[White "Kopytkin"]
[Black "Ze-Pequeno"]
[Result "0-1"]
[WhiteElo "2432"]
[BlackElo "2275"]
[TimeControl "180+1"]
[EndTime "11:33:47 PST"]
[Termination "Ze-Pequeno won by checkmate"]

1. e4 c5 2. d4 cxd4 3. c3 Nf6 4. e5 Nd5 5. g3 e6 6. Bg2 d6 7. cxd4 Nc6 8. exd6 Bxd6 9. Nf3 O-O 10. O-O b6 11. Ng5 Be7 12. Nxh7 Kxh7 13. Qc2+ Kg8 14. Qxc6 Bd7 15. Qc2 Rc8 16. Qe2 Bf6 17. Be3 Qe8 18. Rd1 Bb5 19. Qh5 g6 20. Qg4 Qd7 21. Nd2 Bg7 22. h4 Nf6 23. Qg5 Rc2 24. Ne4 Nh7 25. Qg4 Be2 26. Qf4 Bxd1 27. Rxd1 Rxb2 28.
h5 f5 29. hxg6 Nf6 30. Ng5 Qe8 31. Nf7 Rxf7 32. gxf7+ Qxf7 33. Qb8+ Kh7 34. a4 Ng4 35. Qb7 Qh5 36. d5 Nxe3 37. fxe3 Qxd1+ 38. Kh2 Qh5+ 39. Kg1 exd5 40. Bxd5 Qd1# 0-1

[Event "*** Titled Tuesday Blitz"]
[Site "Chess.com"]
[Date "2020.11.10"]
[Round "8"]
[White "Semen_Khanin"]
[Black "Korchmar_Vasiliy"]
[Result "1-0"]
[WhiteElo "2790"]
[BlackElo "2628"]
[TimeControl "180+1"]
[EndTime "11:33:51 PST"]
[Termination "Semen_Khanin won by resignation"]

1. c4 c5 2. Nc3 Nc6 3. g3 g6 4. Bg2 Bg7 5. Nf3 d6 6. O-O e6 7. b3 Nge7 8. Bb2 O-O 9. Qc2 b6 10. Rad1 Bb7 11. e3 d5 12. cxd5 exd5 13. d4 cxd4 14.
Nxd4 Nxd4 15. exd4 Nf5 16. Rfe1 Nxd4 17. Qd2 Rc8 18.
h4 h5 19. Qd3 Ne6 20. Nxd5 Bxb2 21. Rxe6 fxe6 22. Qxg6+ Bg7 23. Qxe6+ Kh8 24. Ne3 Qc7 25. Rd7 Qc1+ 26. Rd1 Qb2 27. Rf1 Bxg2 28. Kxg2 Rce8 29.
Qg6 Qe5 30. Rd1 Qe4+ 31. Qxe4 Rxe4 32. Rd5 Re5 33. Rd7 Ra5 34. a4 Bd4 35. Rxd4 b5 36. Re4 bxa4 37. bxa4 Rb8 38. Rd4 Rb2 39. Nc4 Rxa4 40.
Rd8+ 1-0

[Event "*** Titled Tuesday Blitz"]
[Site "Chess.com"]
[Date "2020.11.10"]
[Round "8"]
[White "FMKonstantin_Twitch"]
[Black "VladimirPotkin"]
[Result "1/2-1/2"]
[WhiteElo "2562"]
[BlackElo "2685"]
[TimeControl "180+1"]
[EndTime "11:33:52 PST"]
[Termination "Game drawn by agreement"]

1. d4 Nf6 2. Nf3 d5 3. g3 c6 4.
Bg2 Bf5 5. O-O e6 6. c4 Nbd7 7. Nc3 h6 8. Qb3 Qb6 9. c5 Qa6 10. Re1 b6 11. Bf1 Qc8 12. cxb6 axb6 13. Bf4 Be7 14. Rac1 O-O 15. Nb5 c5 16. dxc5 bxc5 17.
Nd6 Bxd6 18. Bxd6 c4 19. Qe3 Re8 20. b3 Qa6 21. Be5 Ng4 22. Qd4 Ngxe5 23. Nxe5 Nxe5 24. Qxe5 Qxa2 25. bxc4 dxc4 26. e4 Bg6 27. Bxc4 Qa3 28. Bf1 Rec8 29. Ra1 Qb4 30. Rab1 Qc3 31. Qxc3 Rxc3 32.
Rb7 Rac8 33. Rb4 e5 34. Kg2 Bh5 35. Be2 Bxe2 36. Rxe2 R3c4 37. Rb5 f6 38. Rb7 h5 39.
h4 Kh7 40. Re3 Kg6 41. Kf3 Rd8 42. Ra3 Rcd4 43. Raa7 Rg8 44. Re7 Rd3+ 45. Kg2 Rb3 46. Rab7 Rxb7 47. Rxb7 Rd8 48. Re7 Rd4 49. Kf3 Ra4 50.
Ke3 Ra3+ 51. Ke2 Ra2+ 52. Kf3 1/2-1/2

[Event "*** Titled Tuesday Blitz"]
[Site "Chess.com"]
[Date "2020.11.10"]
[Round "8"]
[White "JonahWillow"]
[Black "Tactictic"]
[Result "1-0"]
[WhiteElo "2610"]
[BlackElo "2427"]
[TimeControl "180+1"]
[EndTime "11:33:53 PST"]
[Termination "JonahWillow won by checkmate"]

1. e4 c5 2. Nf3 d6 3. d4 cxd4 4.
Nxd4 Nf6 5. Nc3 a6 6. g3 e5 7. Nb3 Be7 8. Bg2 b5 9. O-O Nbd7 10. Bg5 O-O 11. Nd2 Bb7 12. Re1 h6 13. Bxf6 Nxf6 14. Nf1 b4 15. Nb1 d5 16. exd5 Bxd5 17. Rxe5 Bxg2 18. Qxd8 Rfxd8 19. Kxg2 Bf8 20. Nbd2 Rac8 21. Rc1 Rc6 22. Nb3 Rdc8 23. Ne3 Bc5 24.
Nxc5 Rxc5 25. Rxc5 Rxc5 26. Rd1 g6 27. Rd6 Ne4 28. Rxa6 Kg7 29. Rb6 Ra5 30. Rxb4 Nd6 31. a4 Rc5 32. Rb6 Nc4 33. Nxc4 Rxc4 34. a5 Rxc2 35.
a6 Rc1 36. b4 Ra1 37. b5 Kf8 38. Rb7 Ke8 39. a7 Kd8 40. Rb8+ Kc7 41. a8=Q Rg1+ 42. Kh3 h5 43. Rd8 Kb6 44. Qc6+ Ka5 45. b6 Kb4 46. b7 Ka3 47. b8=N g5 48. Rd3+ Kb4 49. Qc3+ Kb5 50. Nd7 h4 51. Rd5+ Ka6 52. Qa3+ Kb7 53. Rxg5 Kc6 54. Kxh4 f6 55. Nxf6 Rh1 56. h3 Kc7 57.
Rg7+ Kb6 58. Qb4+ Kc6 59. Qc4+ Kd6 60. Rd7+ Ke5 61. Qf4+ Ke6 62. Rd6+ Kf7 63. Nd5+ Ke8 64. Nc7+ Ke7 65. Qf6# 1-0

[Event "*** Titled Tuesday Blitz"]
[Site "Chess.com"]
[Date "2020.11.10"]
[Round "8"]
[White "No_t_ime_to_die"]
[Black "Jenia84"]
[Result "1-0"]
[WhiteElo "2477"]
[BlackElo "2314"]
[TimeControl "180+1"]
[EndTime "11:33:54 PST"]
[Termination "No_t_ime_to_die won by resignation"]

1. e4 e5 2. Nf3 Nc6 3. d4 exd4 4. Bc4 Be7 5. Nxd4 Nxd4 6. Qxd4 Bf6 7. Qd5 Qe7 8. O-O d6 9. Qb5+ c6 10. Qb3 Be6 11. Bxe6 fxe6 12. Be3 Nh6 13. Bxh6 gxh6 14.
Nd2 Rg8 15. Nc4 O-O-O 16. Rad1 d5 17. exd5 exd5 18. Ne3 Qg7 19. c3 d4 20. cxd4 Bxd4 21. Qe6+ Kb8 22. g3 Bxe3 23. Qxe3 Qxb2 24. Qxh6 Qc2 25.
Rxd8+ Rxd8 26. Re1 a6 27. a4 Ka7 28. Qe3+ c5 29. Rc1 Qxa4 30. Qxc5+ Ka8 31. Qh5 Qa3 32. Rd1 Rxd1+ 33. Qxd1 Qe7 34. Qd3 Qc7 35. f4 a5 36.
f5 a4 37. Qa3 Qb6+ 38. Kg2 Qc6+ 39. Kh3 Qd7 40. g4 Qb5 41. f6 Qe8 42. Qe7 Qb5 43.
f7 Qb3+ 44. Kh4 1-0

[Event "*** Titled Tuesday Blitz"]
[Site "Chess.com"]
[Date "2020.11.10"]
[Round "8"]
[White "stolencandy13"]
[Black "vrekhson"]
[Result "0-1"]
[WhiteElo "2356"]
[BlackElo "2213"]
[TimeControl "180+1"]
[EndTime "11:33:55 PST"]
[Termination "vrekhson won by resignation"]

1. e4 c5 2. Nf3 a6 3. d4 cxd4 4.
Nxd4 Nf6 5. Qd3 e5 6. Nf3 d5 7. exd5 e4 8. Qe2 Qxd5 9. Nc3 Bb4 10. Bd2 Bxc3 11. Bxc3 O-O 12. Nd2 Bf5 13. Bxf6 gxf6 14. Qc4 Qa5 15. O-O-O Rc8 16. Qb3 e3 17. Nc4 Qc5 18.
Nxe3 Be6 19. Qa4 b5 20. Qf4 Nc6 21. Bd3 Ne5 22. Qxf6 Nxd3+ 23. Rxd3 Ra7 24. Rc3 Qf8 25. Rxc8 Qxc8 26. Rd1 Rd7 27. Rxd7 Qxd7 28. b3 a5 29. h4 a4 30. h5 axb3 31. axb3 Qc7 32. h6 Kf8 33. g4 Bxb3 34. c3 b4 35. Kb2 Be6 36. cxb4 Qd6 37. Qc3 Qf4 38. Qc5+ Ke8 39. Qb5+ Bd7 40.
Qe2 Kd8 41. Qd2 Qe5+ 42. Qc3 Qf4 43. Qd3 Qxb4+ 44. Kc2 Qa4+ 45. Kd2 Qa2+ 46. Qc2 Qxc2+ 47. Kxc2 Ke7 48. Kd3 Kf6 49. Ke4 Kg5 50. f4+ Kxh6 51.
g5+ Kg6 52. Ng2 Bc6+ 53. Ke5 Bxg2 0-1

[Event "*** Titled Tuesday Blitz"]
[Site "Chess.com"]
[Date "2020.11.10"]
[Round "8"]
[White "RaunakSadhwani2005"]
[Black "FormerProdigy"]
[Result "1/2-1/2"]
[WhiteElo "3001"]
[BlackElo "2892"]
[TimeControl "180+1"]
[EndTime "11:33:56 PST"]
[Termination "Game drawn - insufficient material"]

1. c4 e5 2. Nc3 Nf6 3. g3 Bb4 4. Bg2 O-O 5. Nd5 Bc5 6. Nf3 c6 7. Nxf6+ Qxf6 8. d3 Bb4+ 9. Bd2 Bxd2+ 10. Nxd2 d6 11. O-O a5 12. a3 Qe7 13. b4 axb4 14.
axb4 Rxa1 15. Qxa1 Na6 16. Rb1 Bg4 17. Kf1 Ra8 18. Qc3 Nc7 19. Ra1 Qd8 20. Nb3 Ne6 21. b5 Rxa1+ 22. Qxa1 cxb5 23. cxb5 Qc8 24. h3 Bh5 25. g4 Bg6 26. Qc1 Qxc1+ 27. Nxc1 Nc7 28. b6 Na8 29. Bxb7 Nxb6 30. Nb3 Kf8 31. Nd2 Ke7 32.
Kg2 f5 33. Nf3 Nd7 34. Nh4 fxg4 35. hxg4 Nc5 36. Bd5 Kf6 37. Kg3 Na4 38. f4 exf4+ 39. Kxf4 h6 40. e4 Bf7 41. Nf5 Bxd5 42. exd5 Nc3 43.
Nxd6 Nxd5+ 44. Ke4 Nb4 45. d4 Kg5 46. Kf3 h5 47.
Ne4+ Kg6 48. gxh5+ Kxh5 49. Kf4 g6 50. Nf6+ Kh4 51.
Nh7 Kh5 52. Ke5 g5 53. Nxg5 Kxg5 54. d5 Nxd5 1/2-1/2

[Event "*** Titled Tuesday Blitz"]
[Site "Chess.com"]
[Date "2020.11.10"]
[Round "8"]
[White "penguingm1"]
[Black "joppie2"]
[Result "0-1"]
[WhiteElo "2838"]
[BlackElo "2972"]
[TimeControl "180+1"]
[EndTime "11:33:57 PST"]
[Termination "joppie2 won on time"]

1. d4 Nf6 2. c4 e6 3. Nc3 d5 4.
cxd5 exd5 5. Bg5 c6 6. Qc2 g6 7.
f3 Bg7 8. e3 O-O 9. Bd3 Re8 10.
Qd2 Qe7 11. Nge2 h6 12. Bxf6 Qxf6 13. O-O Qg5 14. Nf4 Nd7 15. Rae1 Nb6 16. Qf2 Bd7 17. h4 Qd8 18. h5 g5 19. Nfe2 f5 20. e4 Qf6 21. e5 Qf7 22. f4 g4 23. Qh4 Bf8 24. Ng3 Be7 25. Qh2 Be6 26. Nd1 c5 27. Ne3 Bf8 28.
Nexf5 Nc4 29. Rf2 cxd4 30. Nh4 Bb4 31. Rc1 Rac8 32. Ng6 Ne3 33. Rb1 Nf5 34. Rd1 Ne3 35. Ra1 Bf5 36. Bxf5 Nxf5 37. Nh4 Ne3 38. Nf1 Bc5 39. Qg3 Qxh5 40. f5 Nxf1 41. Rfxf1 d3+ 42. Rf2 d2 43. Rd1 Bxf2+ 44. Kxf2 Qg5 45. Ke2 Rc4 46. e6 Re4+ 47. Kd3 Qf6 48. Rxd2 Qd4+ 49. Kc2 Rc8+ 50. Kd1 Qg1+ 0-1

[Event "*** Titled Tuesday Blitz"]
[Site "Chess.com"]
[Date "2020.11.10"]
[Round "8"]
[White "AniJak"]
[Black "GelmanAlexander"]
[Result "1/2-1/2"]
[WhiteElo "2381"]
[BlackElo "2563"]
[TimeControl "180+1"]
[EndTime "11:33:58 PST"]
[Termination "Game drawn by repetition"]

1. e4 c5 2. Nc3 e6 3. g3 Nc6 4.
Bg2 Nf6 5. Nge2 d6 6. O-O Be7 7. d4 cxd4 8. Nxd4 Bd7 9. h3 a6 10. a4 O-O 11. Kh2 Rc8 12. Nce2 Qc7 13. c3 Rfd8 14. f4 h6 15. g4 d5 16. e5 Ne4 17.
Ng3 Nxd4 18. Qxd4 Nxg3 19. Kxg3 Bc5 20. Qd3 b5 21. f5 bxa4 22. fxe6 fxe6 23. Qxa6 Rf8 24.
Qe2 Rxf1 25. Bxf1 Rf8 26. Bd2 Rf2 27. Qe1 Bc6 28. h4 Qf7 29. Bg2 Rxg2+ 30. Kxg2 d4+ 31.
Kh2 dxc3 32. Bxc3 Qf3 33. Qg3 Qe2+ 34. Kh3 Bf2 35. Re1 Qxe1 36. Bxe1 Bxg3 37. Kxg3 Kf7 38. Kf4 Bd5 39. Bc3 g6 40. Ke3 h5 41. gxh5 gxh5 42.
Kf4 Kg6 43. Bd4 Bc4 44. Bc3 Bd5 45. Bd4 Bc4 46. Bc3 Bd5 1/2-1/2

[Event "*** Titled Tuesday Blitz"]
[Site "Chess.com"]
[Date "2020.11.10"]
[Round "8"]
[White "Zhigalko_Sergei"]
[Black "oskariot"]
[Result "1-0"]
[WhiteElo "2918"]
[BlackElo "2695"]
[TimeControl "180+1"]
[EndTime "11:34:00 PST"]
[Termination "Zhigalko_Sergei won by resignation"]

1. e4 e6 2. d4 d5 3. e5 c5 4. c3 Nc6 5. Nf3 Bd7 6. Be2 f6 7.
O-O Qc7 8. Bf4 Nge7 9. Na3 a6 10. Re1 Ng6 11. Bg3 fxe5 12. Nxe5 Ncxe5 13. Bh5 Bd6 14. Bxe5 O-O 15. Bxg6 hxg6 16. Nc2 Rf5 17. Ne3 Bxe5 18. dxe5 Rxe5 19. Qg4 g5 20. Qg3 Rf8 21. h3 d4 22.
cxd4 cxd4 23. Rec1 Qb8 24. Ng4 Rd5 25. Qb3 Bc6 26. Re1 Qd6 27. Rad1 d3 28. Rd2 Rd4 29. Rxe6 Qd5 30. Qxd5 Bxd5 31. Rd6 Rc8 32. Ne3 Rc5 33. b4 Rc1+ 34. Kh2 Rxb4 35. Rxd5 Rbb1 36. R5xd3 Rh1+ 37. Kg3 Rb5 38. Rd5 g4 39. hxg4 Rb4 40. R5d4 Rbb1 41.
Rd8+ Kf7 42. R8d7+ Kg6 43. R2d6+ Kh7 44. Nf5 Rb6 45.
Rxb6 1-0